AoeStats
← Simon Stokvis

African Clearing

505034021Analyzed
4v4 RM · 25d ago on Sep 7, 2026· 11m 37s· 8 players
Game mode
Random Map
Map size
Large (8 player)
Population
200
Speed
Normal
Resources
Standard
Victory
Conquest
Starting age
Dark Age
Ending age
Imperial Age
RankedLock teamsTeams togetherTeam positionsShared explorationLock speedFull tech treeHidden civsTurbo modeCheats
Victory
Defeat
🇨🇳 Magyars · China
1705
+8
🇨🇳 Huns · China
1638
+11
🇨🇳 Mapuche · China
1637
+11
🇨🇳 Magyars · China
1494
+32
🇨🇳 Magyars · China
1527
-12
🇨🇳 Japanese · China
1522
-12
🇨🇴 Vietnamese · Colombia
1516
-11
🇳🇱 Huns · Netherlands
1514
-11
KootH.
5:06 Loom
13:22 Feudal Age
Simon Stokvis
儒门_重农抑商
7:13 Loom
hoot
3:56 Loom
12:08 Feudal Age
LUCKY
4:02 Loom
13:29 Feudal Age
只会打步弓
10:02 Loom
12:32 Feudal Age
LY006
9:39 Loom
12:06 Feudal Age
小胖子
9:42 Loom
12:17 Feudal Age
Connection lost

Rejoining the realm…

Still unreachable

The connection could not be restored.

Session expired

The server has moved on; the page needs a fresh start.